 Dungeon Crawl Stone Soup version bcrawl-1.19.1 (webtiles) character file.

Game seed: 18360839564696067973

3215 MisterOstroum the Destroyer (level 9, 0/55 HPs)
             Began as a Fairy Conjurer on Nov 22, 2019.
             Was a Believer of Sif Muna.
             Succumbed to a cane toad's poison
             ... on level 1 of the Lair of Beasts.
             The game lasted 00:05:51 (5513 turns).

MisterOstroum the Destroyer (Fairy Conjurer)        Turns: 5513, Time: 00:05:51

Health: 0/55       AC: 10    Str:  6    XL:     9   Next: 97%
Magic:  0/20       EV: 18    Int: 22    God:    Sif Muna [**....]
Gold:   609        SH:  6    Dex: 13    Spells: 11/20 levels left

rFire    . . .     SeeInvis .   C - +6 rapier (protect)
rCold    . . .     Gourm    .   (shield restricted)
rNeg     . . .     Faith    .   (armour unavailable)
rPois    .         Spirit   .   o - +1 helmet
rElec    .         Reflect  .   u - +1 cloak
rCorr    +         Harm     .   (no gloves)
MR       +....                  (no boots)
Stlth    +.........             a - amulet of regeneration
HPRegen  0.58/turn              B - ring of resist corrosion
MPRegen  0.17/turn              z - ring of protection from magic

@: lethally poisoned (0 -> -10), flying evasively, very slightly contaminated,
no casting
A: small, magic attunement, unstealthy, unfitting armour, able to fly, AC/SH +6
a: Stop Flying, Stop Divine Energy, Renounce Religion


You were on level 1 of the Lair of Beasts.
You worshipped Sif Muna.
Sif Muna was pleased with you.
You were not hungry.

You visited 3 branches of the dungeon, and saw 10 of its levels.

You collected 609 gold pieces.

Inventory:

Hand Weapons
 C - a +6 rapier of protection (weapon)
 I - the cursed +2 hand axe of Vets {speed, rPois Stlth+, unknown}
   (You found it on level 7 of the Dungeon)

   Attacks with this weapon are significantly faster.
   It protects you from poison.
   It makes you more stealthy.
   It has a curse placed upon it.
Missiles
 w - 73 tomahawks (quivered)
Armour
 o - a +1 helmet (worn)
 u - a +1 cloak (worn)
 v - a +0 shield
Jewellery
 a - an amulet of regeneration (around neck)
 z - a ring of protection from magic (right hand)
 B - a ring of resist corrosion (left hand)
 E - an uncursed ring of protection from cold {unknown}
 J - an uncursed ring of poison resistance {unknown}
 K - an uncursed ring of protection from cold {unknown}
Wands
 q - a wand of random effects (12)
 D - a wand of enslavement (7)
 H - a wand of scattershot (6)
Scrolls
 d - 3 scrolls of amnesia {unknown}
 f - a scroll of enchant armour
 g - 2 scrolls of fear {unknown}
 h - 9 scrolls of identify {@r1}
 i - 2 scrolls of immolation {unknown}
 j - 2 scrolls of blinking {unknown}
 n - 4 scrolls of remove curse {@r2}
 t - a scroll of noise {unknown}
 x - a scroll of teleportation {unknown}
 y - 3 scrolls of enchant weapon {unknown}
 F - 2 scrolls of fog {unknown}
 G - a scroll of vulnerability {unknown}
Potions
 b - 3 potions of magic
 c - 3 potions of degeneration {unknown}
 k - 2 potions of invisibility {unknown}
 l - a potion of might {unknown}
 m - 5 potions of curing {@q1 !q}
 p - a potion of cancellation {unknown}
 r - 2 potions of ambrosia {unknown}
 s - a potion of haste {unknown}
 A - a potion of mutation {unknown}
Comestibles
 e - 13 rations {!d}
 L - 5 chunks of flesh


   Skills:
 + Level 2.8 Fighting
 + Level 5.1 Dodging
 - Level 1.5 Stealth
 + Level 3.7 Shields
 * Level 6.2 Spellcasting
 * Level 11.3 Conjurations
 - Level 7.1 Transmutations


You had 11 spell levels left.
You knew the following spells:

 Your Spells              Type           Power        Failure   Level  Hunger
a - Magic Dart            Conj           ####         1%          1    None
c - Iskenderun's Mystic   Conj           ######..     1%          3    None
d - Irradiate             Conj/Tmut      #####.....   5%          5    None

Your spell library contained the following spells:

 Spells                   Type           Power        Failure   Level  Hunger
 Searing Ray              Conj           ######       1%          2    None
 Apportation              Tloc           #.....       9%          1    None
 Infusion                 Chrm           #.......     9%          1    None
 Sandblast                Erth           #.....       9%          1    None
 Slow                     Hex            #.......     9%          1    None
 Summon Butterflies       Summ           #.......     9%          1    None
 Fulminant Prism          Conj/Hex       ####......   9%          4    None


Dungeon Overview and Level Annotations

Branches:
Dungeon (8/12)             Temple (1/1) D:6            Lair (1/6) D:7
    Orc: D:8-11

Altars:
Ashenzari
Cheibriados
Dithmenos
Hepliaklqana
Nemelex Xobeh
Qazlal
Ru
Sif Muna
Trog
Uskayaw
Xom
Yredelemnul

Shops:
D:6 %

Annotations:
D:3 2 transporters, Ratty's ghost, amateur HuAc


Innate Abilities, Weirdness & Mutations

Your spells do not cause hunger and MP costs are reduced by 1.
Your bright wings attract enemies. (Stealth-)
You cannot fit into any form of body armour.
Your shimmering scales are hard and can block incoming attacks. (AC +6, SH +6)
You are small and have problems with some larger weapons.
You can fly continuously.


Message History

An eight-headed hydra is nearby!
Casting: Iskenderun's Mystic Blast (safe; 1% risk of failure)
Confirm with . or Enter, or press ? or * to list all spells.
Aiming: Iskenderun's Mystic Blast (safe; 1% risk of failure)
Press: ? - help, Shift-Dir - straight line, f - eight-headed hydra
Aim: an eight-headed hydra The orb of energy hits the eight-headed hydra.
The eight-headed hydra is moderately wounded.
Casting: Iskenderun's Mystic Blast (safe; 1% risk of failure)
Confirm with . or Enter, or press ? or * to list all spells.
Aiming: Iskenderun's Mystic Blast (safe; 1% risk of failure)
Press: ? - help, Shift-Dir - straight line, f/p - eight-headed hydra
Aim: an eight-headed hydra (moderately wounded)
The orb of energy hits the eight-headed hydra.
The eight-headed hydra is heavily wounded.
The orb of energy explodes!
A cane toad comes into view.
Casting: Iskenderun's Mystic Blast (safe; 1% risk of failure)
Confirm with . or Enter, or press ? or * to list all spells.
Aiming: Iskenderun's Mystic Blast (safe; 1% risk of failure)
Press: ? - help, Shift-Dir - straight line, f/p - eight-headed hydra
Aim: an eight-headed hydra (heavily wounded)
The orb of energy hits the eight-headed hydra.
The eight-headed hydra is severely wounded.
The cane toad croaks.
Casting: Iskenderun's Mystic Blast (safe; 1% risk of failure)
Confirm with . or Enter, or press ? or * to list all spells.
Aiming: Iskenderun's Mystic Blast (safe; 1% risk of failure)
Press: ? - help, Shift-Dir - straight line, f/p - eight-headed hydra
Aim: an eight-headed hydra (severely wounded)
The orb of energy hits the eight-headed hydra.
The eight-headed hydra is almost dead.
Casting: Iskenderun's Mystic Blast (safe; 1% risk of failure)
Confirm with . or Enter, or press ? or * to list all spells.
You don't know that spell. (m)acro, (M)acro raw, keymap [(k) default, (x) level-map, (t)argeting, (c)onfirm, m(e)nu], (s)ave?
Input macro trigger key: 4 Current Action: zZ Do you wish to (r)edefine, (c)lear, or (a)bort?
Input macro action: zd Created macro '4' => 'zd'.
Casting: Iskenderun's Mystic Blast (safe; 1% risk of failure)
Confirm with . or Enter, or press ? or * to list all spells.
You miscast Irradiate.
You are very lightly contaminated with residual magic.
You are momentarily dazzled by a flash of light!
The eight-headed hydra bites you but does no damage.
The eight-headed hydra bites you!
The eight-headed hydra completely misses you. x2
The eight-headed hydra bites you! x2; The eight-headed hydra bites you.
* * * LOW HITPOINT WARNING * * *
The eight-headed hydra bites you!
* * * LOW HITPOINT WARNING * * *
Casting: Irradiate (safe; 7% risk of failure)
Confirm with . or Enter, or press ? or * to list all spells.
Aiming: Iskenderun's Mystic Blast (safe; 1% risk of failure)
Press: ? - help, Shift-Dir - straight line, f/p - eight-headed hydra
Aim: an eight-headed hydra (almost dead)
The orb of energy hits the eight-headed hydra.
You kill the eight-headed hydra!
Sif Muna accepts your kill.
Sif Muna is protecting you from the effects of miscast magic.
Your Fighting skill increases to level 2!
Your Shields skill increases to level 3!
Your Spellcasting skill increases to level 5!
Your Conjurations skill increases to level 11!
The orb of energy explodes!
The mystic blast hits the cane toad.
The cane toad is lightly wounded.
Casting: Iskenderun's Mystic Blast (safe; 1% risk of failure)
Confirm with . or Enter, or press ? or * to list all spells.
Aiming: Iskenderun's Mystic Blast (safe; 1% risk of failure)
Press: ? - help, Shift-Dir - straight line, f - cane toad
Aim: a cane toad (lightly wounded)
The orb of energy hits the cane toad.
The cane toad is heavily wounded.
Casting: Iskenderun's Mystic Blast (safe; 1% risk of failure)
Confirm with . or Enter, or press ? or * to list all spells.
Aiming: Iskenderun's Mystic Blast (safe; 1% risk of failure)
Press: ? - help, Shift-Dir - straight line, f/p - cane toad
Aim: a cane toad (heavily wounded)
The orb of energy hits the cane toad.
The cane toad is almost dead.
The orb of energy explodes!
The cane toad hits you!
* * * LOW HITPOINT WARNING * * *
You are lethally poisoned!
The cane toad poisons you!
Casting: Iskenderun's Mystic Blast (safe; 1% risk of failure)
Confirm with . or Enter, or press ? or * to list all spells.
Aiming: Iskenderun's Mystic Blast (safe; 1% risk of failure)
Press: ? - help, Shift-Dir - straight line, f/p - cane toad
Aim: a cane toad (almost dead)
The orb of energy hits the cane toad.
You kill the cane toad!
Sif Muna accepts your kill.
Your Dodging skill increases to level 5!
Your Spellcasting skill increases to level 6!
The orb of energy explodes!
Sif Muna grants you divine energy.
You briefly lose access to your magic!
You die...

#...............# ....
##...........##.#.....
#...#####...# .#.....
#....####...##.#.....
##...................
#.######...#........
#...##.......
#...#........
#....@.......
##...#.##.... #..##.#
. #..# .. #... .##
#..# .# ...# .# #...
..


There were no monsters in sight!

Vanquished Creatures
  A hydra (Lair:1)
  A cane toad (Lair:1)
  Prince Ribbit (D:8)
  A hippogriff (Lair:1)
  Eustachio (D:6)
  A sky beast (D:6)
  2 phantoms
  An ice beast (D:8)
  An orc warrior (D:6)
  2 ogres
  3 scorpions
  4 wights (D:7)
  2 howler monkeys
  A bullfrog zombie (D:5)
  2 crimson imps
  A hound (D:5)
  4 orc priests
  A centaur skeleton (D:6)
  4 orc wizards
  Jessica (D:2)
  A bullfrog skeleton (D:5)
  An iguana (D:4)
  4 worker ants (D:5)
  A worker ant zombie (D:7)
  A howler monkey skeleton (D:5)
  An adder (D:7)
  4 oozes
  2 worms (D:2)
  2 dart slugs (D:5)
  3 leopard geckos
  15 orcs
  2 bats
  3 giant cockroaches
  6 goblins (D:1)
  12 hobgoblins
  5 jackals
  5 quokkas
  8 frilled lizards
  6 kobolds
  5 rats
122 creatures vanquished.

Notes
Turn   | Place    | Note
-------+----------+-------------------------------------------
     0 | D:1      | MisterOstroum the Fairy Conjurer began the quest for the
                  | Orb.
     0 | D:1      | Reached XP level 1. HP: 11/11 MP: 6/6
    38 | D:1      | Reached skill level 5 in Conjurations
   107 | D:1      | Reached XP level 2. HP: 17/17 MP: 7/7
   228 | D:1      | Reached XP level 3. HP: 21/21 MP: 9/9
   231 | D:1      | Reached skill level 6 in Conjurations
   634 | D:2      | Learned a level 3 spell: Iskenderun's Mystic Blast
   861 | D:2      | Noticed Jessica
   863 | D:2      | Killed Jessica
   863 | D:2      | Reached XP level 4. HP: 27/27 MP: 5/10
   894 | D:2      | Reached skill level 7 in Conjurations
  1623 | D:3      | Found a transporter.
  1624 | D:3      | Noticed Ratty's ghost (amateur HuAc)
  1628 | D:3      | Found a transporter.
  1632 | D:3      | Noticed an ogre
  1662 | D:3      | Reached XP level 5. HP: 31/31 MP: 2/11
  1856 | D:3      | Learned a level 5 spell: Irradiate
  2072 | D:4      | Reached skill level 8 in Conjurations
  2114 | D:4      | Reached XP level 6. HP: 36/36 MP: 7/12
  2533 | D:5      | Entered Level 5 of the Dungeon
  2533 | D:5      | Noticed a phantom
  2537 | D:5      | Killed a phantom
  2537 | D:5      | Reached skill level 9 in Conjurations
  2537 | D:5      | Reached skill level 1 in Transmutations
  2557 | D:5      | Reached XP level 7. HP: 33/41 MP: 1/13
  3375 | D:5      | Reached skill level 10 in Conjurations
  3458 | D:5      | Found a hazy altar of Hepliaklqana.
  3458 | D:5      | Found a snail-covered altar of Cheibriados.
  3458 | D:5      | Found a stormy altar of Qazlal.
  3589 | D:6      | Reached XP level 8. HP: 46/46 MP: 5/14
  3595 | D:6      | Reached skill level 5 in Transmutations
  3713 | D:6      | Noticed Eustachio
  3729 | D:6      | Killed Eustachio
  3870 | D:6      | Found a sparkling altar of Nemelex Xobeh.
  3947 | D:6      | Found a staircase to the Ecumenical Temple.
  3954 | Temple   | Entered the Ecumenical Temple
  3979 | Temple   | Became a worshipper of Sif Muna the Loreminder
  4357 | D:6      | Found Ithraatwo's Food Boutique.
  4525 | D:7      | Reached * piety under Sif Muna
  4525 | D:7      | Reached skill level 1 in Shields
  4643 | D:7      | Reached skill level 1 in Fighting
  4669 | D:7      | Got a smoking hand axe
  4676 | D:7      | Found a staircase to the Lair.
  4802 | D:7      | Reached XP level 9. HP: 53/53 MP: 11/16
  5302 | D:8      | Found a hide-covered altar of Uskayaw.
  5305 | D:8      | Noticed Prince Ribbit
  5319 | D:8      | Killed Prince Ribbit
  5423 | Lair:1   | Entered Level 1 of the Lair of Beasts
  5504 | Lair:1   | Noticed an eight-headed hydra
  5506 | Lair:1   | Noticed a cane toad
  5510 | Lair:1   | Killed an eight-headed hydra
  5510 | Lair:1   | Reached ** piety under Sif Muna
  5510 | Lair:1   | Reached skill level 5 in Spellcasting
  5510 | Lair:1   | Reached skill level 11 in Conjurations
  5512 | Lair:1   | HP: 1/55 [cane toad (8)]
  5513 | Lair:1   | Killed a cane toad
  5513 | Lair:1   | Reached skill level 5 in Dodging
  5513 | Lair:1   | Succumbed to a cane toad's poison

Skill      XL: |  1  2  3  4  5  6  7  8  9 |
---------------+----------------------------+-----
Conjurations   | 5 6 7 8 9 10 11 | 11.3
Transmutations | 2 4 7 |  7.1
Spellcasting   | 3 6 |  6.2
Dodging        | 3 5 |  5.1
Shields        | 1 3 |  3.7
Fighting       | 1 2 |  2.8
Stealth        | |  1.5

Action                   |  1- 3 |  4- 6 |  7- 9 || total
-------------------------+-------+-------+-------++-------
 Cast: Magic Dart        |    67 |    54 |    81 ||   202
       Iskenderun's Myst |     3 |    24 |    81 ||   108
       Irradiate         |       |       |     2 ||     2
Invok: Divine Energy     |       |       |     1 ||     1
  Use: Scroll            |       |       |     4 ||     4
  Eat: Chunk             |       |     4 |    10 ||    14
Armor: Skin              |     1 |     3 |     2 ||     6
Dodge: Dodged            |     6 |    12 |    11 ||    29
Block: Other             |     1 |     1 |     4 ||     6
